Red Wings vs Stars
Created - 29 janvier 2015 at 19:00
Goals
|
| Red Wings |
1 |
1 |
0 |
0 |
3 |
2 |
| Stars |
0 |
1 |
1 |
0 |
4 |
3 |
|
Shots
|
| Red Wings |
14 |
9 |
7 |
2 |
10 |
32 |
| Stars |
10 |
11 |
11 |
4 |
10 |
36 |
|
1st period
1. Red Wings , Martin Havlat 23 (Paul Martin, Jason Spezza) at 14:48 (PP)
Penalties :
Mike Brown (Det) for Hooking (Minor) at 4:22, Michal Grosek (Det) for Holding Stick (Minor) at 7:46, Marty Reasoner (Dal) for Goalie Interference (Minor) at 10:34, Brian Pothier (Dal) for Tripping (Minor) at 14:17, Jason Spezza (Det) for High sticking (Minor) at 19:47
2nd period
2. Stars , Milan Michalek 17 (Shane Doan, Mark Streit) at 0:32 (PP)
3. Red Wings , Teemu Selanne 8 (Robert Dome, Mike Richards) at 3:44
Penalties :
Jan Hlavac (Dal) for Hooking (Minor) at 6:03
3rd period
4. Stars , Milan Michalek 18 (John Tavares, Evgeny Artyukhin) at 15:17
Penalties :
Marty Reasoner (Dal) for Boarding (Minor) at 9:14, Christian Laflamme (Det) for Tripping (Minor) at 19:46
Overtime #1
No Goal
Penalties :
No Penalty
Shootout
Penalty Shot by Jason Spezza for Red Wings - Goal!
Penalty Shot by Alexei Morozov for Stars - Shot Misses the Net
Penalty Shot by Rick Nash for Red Wings - Stopped by Pascal Leclaire
Penalty Shot by Daniel Sedin for Stars - Stopped by Jonathan Quick
Penalty Shot by Mike Richards for Red Wings - Stopped by Pascal Leclaire
Penalty Shot by John Tavares for Stars - Goal!
Penalty Shot by Martin Havlat for Red Wings - Stopped by Pascal Leclaire
Penalty Shot by Milan Michalek for Stars - Stopped by Jonathan Quick
Penalty Shot by Shawn Horcoff for Red Wings - Shot Misses the Net
Penalty Shot by Shane Doan for Stars - Shot Misses the Net
Penalty Shot by Teemu Selanne for Red Wings - Stopped by Pascal Leclaire
Penalty Shot by Jan Hlavac for Stars - Stopped by Jonathan Quick
Penalty Shot by Lee Stempniak for Red Wings - Goal!
Penalty Shot by Henrik Sedin for Stars - Goal!
Penalty Shot by Brian Sutherby for Red Wings - Goal!
Penalty Shot by Éric Belanger for Stars - Goal!
Penalty Shot by Shea Weber for Red Wings - Shot Misses the Net
Penalty Shot by Ryan Malone for Stars - Stopped by Jonathan Quick
Penalty Shot by Michal Grosek for Red Wings - Stopped by Pascal Leclaire
Penalty Shot by Mark Streit for Stars - Goal!
Penalties :
No Penalty
Goalie Stats
Jonathan Quick (Det), 34 saves from 36 shots - (0,944), OTL, 22-15-6, 65:00 minutes
Pascal Leclaire (Dal), 30 saves from 32 shots - (0,938), W, 21-15-2, 65:00 minutes
Players Stats for Red Wings
Player Name G A P +/- PIM S H SB GA TA FO MP PP MP PK MP
------------------------------------------------------------------------------------
Brian Sutherby 0 0 0 0 0 1 1 0 0 0 2/5 8:38 0:00 2:10
Christian Backman 0 0 0 0 0 0 1 0 0 0 0/0 2:54 0:00 0:00
Christian Laflamme 0 0 0 0 2 0 0 1 0 0 0/0 21:07 2:53 1:29
Jason Spezza 0 1 1 0 2 5 0 1 0 2 19/37 27:45 3:36 3:06
Lee Stempniak 0 0 0 0 0 3 3 0 0 0 1/1 13:50 0:00 0:00
Martin Havlat 1 0 1 0 0 3 1 0 2 1 0/2 20:35 3:41 1:17
Maxim Kondratiev 0 0 0 -1 0 1 1 0 0 0 0/0 12:39 0:00 0:00
Michal Grosek 0 0 0 0 2 1 0 0 0 0 0/0 13:06 0:00 0:00
Mike Brown 0 0 0 0 2 0 0 0 0 0 0/0 5:33 0:00 0:00
Mike Richards 0 1 1 0 0 0 3 0 0 0 3/6 19:29 2:47 1:17
Ossi Vaananen 0 0 0 -1 0 0 0 0 0 0 0/0 13:32 0:00 0:50
Paul Martin 0 1 1 1 0 0 3 1 0 1 0/0 27:29 3:35 4:23
Richard Jackman 0 0 0 0 0 1 1 4 0 0 0/0 21:58 2:53 2:19
Rick Nash 0 0 0 0 0 7 1 0 1 0 4/5 24:19 3:41 3:41
Robert Dome 0 1 1 0 0 0 2 0 1 0 1/1 17:32 2:47 0:07
Shawn Horcoff 0 0 0 0 0 5 1 0 0 0 5/12 15:00 0:05 0:00
Shea Weber 0 0 0 1 0 4 1 8 3 1 0/0 30:23 3:35 4:23
Teemu Selanne 1 0 1 0 0 1 2 0 1 0 0/0 17:25 2:47 0:00
Players Stats for Stars
Player Name G A P +/- PIM S H SB GA TA FO MP PP MP PK MP
------------------------------------------------------------------------------------
Alexei Morozov 0 0 0 0 0 5 2 0 1 0 5/6 20:06 2:20 0:00
Brendan Bell 0 0 0 1 0 1 1 1 0 0 0/0 15:59 0:00 4:19
Brian Pothier 0 0 0 0 2 0 2 3 0 2 0/0 21:12 0:00 2:09
Bryan Berard 0 0 0 1 0 0 0 0 0 1 0/0 15:21 2:01 0:00
Daniel Cleary 0 0 0 0 0 0 0 1 0 0 0/0 8:14 0:00 0:28
Daniel Sedin 0 0 0 0 0 2 1 0 0 0 1/2 21:35 2:20 2:39
Éric Belanger 0 0 0 -1 0 0 1 0 0 1 3/9 14:46 0:00 2:07
Evgeny Artyukhin 0 1 1 1 0 1 0 1 0 1 0/1 13:00 0:00 0:00
Henrik Sedin 0 0 0 0 0 9 2 1 1 0 15/30 19:12 2:36 0:17
Jan Hlavac 0 0 0 0 2 2 1 0 0 1 0/0 10:39 0:00 2:28
John Tavares 0 1 1 1 0 2 2 1 1 0 7/10 18:14 2:20 2:36
Mark Streit 0 1 1 -1 0 1 0 1 0 1 0/0 22:10 2:55 0:00
Marty Reasoner 0 0 0 0 4 2 0 1 0 0 2/7 9:10 0:00 1:28
Matthew Spiller 0 0 0 -1 0 1 3 1 1 0 0/0 25:47 2:01 4:19
Milan Michalek 2 0 2 1 0 4 2 0 1 1 0/1 17:34 2:36 0:53
Pavel Kubina 0 0 0 0 0 3 2 2 0 0 0/0 29:30 2:55 2:09
Ryan Malone 0 0 0 -1 0 1 1 0 0 0 1/1 12:53 0:00 0:00
Shane Doan 0 1 1 -1 0 2 2 1 0 0 0/2 18:06 2:36 0:00
3 Stars
1 - Milan Michalek (Dal)
2 - Jonathan Quick (Det)
3 - Teemu Selanne (Det)
Power Play
Red Wings - 1 on 4 Attempt(s) - 25,00%
Stars - 1 on 4 Attempt(s) - 25,00%
Penalty Kill
Red Wings - 3 on 4 Attempt(s) - 75,00%
- Score 0 goal in Penalty Kill
Stars - 3 on 4 Attempt(s) - 75,00%
- Score 0 goal in Penalty Kill
Team Stat
Red Wings - Hits : 21 - Faceoff Wins : 35 - Blocked Shots : 15 - Penalty Minutes : 8
Stars - Hits : 22 - Faceoff Wins : 34 - Blocked Shots : 14 - Penalty Minutes : 8
Official
Referees : Leggo Mike and Sutherland Kelly
Linesman : Dan Schachte and Bryan Pancich
Game Notes
No Game Note
Finance
Level 1 -- Attendance: 5555 (92,58%) -- Ticket Income 466 620 $
Level 2 -- Attendance: 5000 (100,00%) -- Ticket Income 260 000 $
Level 3 -- Attendance: 1763 (88,15%) -- Ticket Income 52 890 $
Level 4 -- Attendance: 3946 (98,65%) -- Ticket Income 74 974 $
Luxury Box -- Attendance: 985 (98,50%) -- Ticket Income 166 465 $
Game was played at the American Airlines Center'
Total Attendance: 17249 (95,83%)
Total Ticket Income: 1 020 949 $
Other Income: 153 142 $
Total Income: 1 174 091 $
Red Wings
5 vs 5 Forward
Center Left Wing Right Wing Time % Phy DF OF
1 Jason Spezza Rick Nash Martin Havlat 40 1 2 2
2 Mike Richards Robert Dome Teemu Selanne 30 1 2 2
3 Shawn Horcoff Michal Grosek Lee Stempniak 20 1 2 2
4 Brian Sutherby Jason Spezza Mike Brown 10 1 2 2
5 vs 5 Defense
Defense Defense Time % Phy DF OF
1 Shea Weber Paul Martin 40 1 2 2
2 Richard Jackman Christian Laflamme 30 1 2 2
3 Maxim Kondratiev Ossi Vaananen 20 1 2 2
4 Christian Backman Shea Weber 10 1 2 2
PowerPlay Forward
Center Left Wing Right Wing Time % Phy DF OF
1 Jason Spezza Rick Nash Martin Havlat 60 1 2 2
2 Mike Richards Robert Dome Teemu Selanne 40 1 2 2
PowerPlay Defense
Defense Defense Time % Phy DF OF
1 Shea Weber Paul Martin 60 1 2 2
2 Richard Jackman Christian Laflamme 40 1 2 2
Penalty Kill 4 Players Forward
Center Wing Time % Phy DF OF
1 Jason Spezza Rick Nash 60 1 2 2
2 Mike Richards Martin Havlat 40 1 2 2
Penalty Kill 4 Players Defense
Defense Defense Time % Phy DF OF
1 Shea Weber Paul Martin 60 1 2 2
2 Richard Jackman Christian Laflamme 40 1 2 2
Penalty Kill - 3 Players Forward
Forward Time % Phy DF OF
1 Jason Spezza 60 1 2 2
2 Rick Nash 40 1 2 2
Penalty Kill - 3 Players Defense
Defense Defense Time % Phy DF OF
1 Shea Weber Paul Martin 60 1 2 2
2 Richard Jackman Christian Laflamme 40 1 2 2
4 vs 4 Forward
Center Wing Time % Phy DF OF
1 Jason Spezza Rick Nash 60 1 2 2
2 Mike Richards Martin Havlat 40 1 2 2
4 vs 4 Defense
Defense Defense Time % Phy DF OF
1 Shea Weber Paul Martin 60 1 2 2
2 Richard Jackman Christian Laflamme 40 1 2 2
Last Minutes Offensive
Center Left Wing Right Wing Defense Defense
Jason Spezza Rick Nash Martin Havlat Shea Weber Paul Martin
Last Minutes Defensive
Center Left Wing Right Wing Defense Defense
Jason Spezza Rick Nash Martin Havlat Shea Weber Paul Martin
Goaltenders
Starting : Jonathan Quick
Backup : Scott Clemmensen
Extra Forwards
Normal : Shawn Horcoff, Lee Stempniak, Brian Sutherby - PP : Shawn Horcoff, Lee Stempniak - PK : Brian Sutherby
Extra Defensemen
Normal : Maxim Kondratiev, Ossi Vaananen, Christian Backman - PP : Maxim Kondratiev - PK : Ossi Vaananen, Christian Backman
Penalty Shots
Jason Spezza, Rick Nash, Mike Richards, Martin Havlat, Shawn Horcoff
Stars
5 vs 5 Forward
Center Left Wing Right Wing Time % Phy DF OF
1 Henrik Sedin Daniel Sedin Alexei Morozov 40 1 2 2
2 John Tavares Milan Michalek Evgeny Artyukhin 25 1 2 2
3 Éric Belanger Ryan Malone Shane Doan 25 1 2 2
4 Marty Reasoner Jan Hlavac Daniel Cleary 10 1 2 2
5 vs 5 Defense
Defense Defense Time % Phy DF OF
1 Pavel Kubina Brian Pothier 40 1 2 2
2 Matthew Spiller Mark Streit 30 1 2 2
3 Bryan Berard Brendan Bell 20 1 2 2
4 Pavel Kubina Matthew Spiller 10 1 2 2
PowerPlay Forward
Center Left Wing Right Wing Time % Phy DF OF
1 John Tavares Daniel Sedin Alexei Morozov 50 1 2 2
2 Henrik Sedin Milan Michalek Shane Doan 50 1 2 2
PowerPlay Defense
Defense Defense Time % Phy DF OF
1 Pavel Kubina Mark Streit 60 1 2 2
2 Matthew Spiller Bryan Berard 40 1 2 2
Penalty Kill 4 Players Forward
Center Wing Time % Phy DF OF
1 Marty Reasoner Jan Hlavac 60 1 2 2
2 Éric Belanger Daniel Cleary 40 1 2 2
Penalty Kill 4 Players Defense
Defense Defense Time % Phy DF OF
1 Brendan Bell Matthew Spiller 60 1 2 2
2 Pavel Kubina Brendan Bell 40 1 2 2
Penalty Kill - 3 Players Forward
Forward Time % Phy DF OF
1 Marty Reasoner 60 1 2 2
2 Éric Belanger 40 1 2 2
Penalty Kill - 3 Players Defense
Defense Defense Time % Phy DF OF
1 Brendan Bell Matthew Spiller 60 1 2 2
2 Pavel Kubina Bryan Berard 40 1 2 2
4 vs 4 Forward
Center Wing Time % Phy DF OF
1 Alexei Morozov Shane Doan 60 1 2 2
2 Henrik Sedin Daniel Sedin 40 1 2 2
4 vs 4 Defense
Defense Defense Time % Phy DF OF
1 Pavel Kubina Mark Streit 60 1 2 2
2 Matthew Spiller Bryan Berard 40 1 2 2
Last Minutes Offensive
Center Left Wing Right Wing Defense Defense
Henrik Sedin Daniel Sedin Alexei Morozov Pavel Kubina Mark Streit
Last Minutes Defensive
Center Left Wing Right Wing Defense Defense
Marty Reasoner Jan Hlavac Daniel Cleary Brendan Bell Matthew Spiller
Goaltenders
Starting : Pascal Leclaire
Backup : Patrick Lalime
Extra Forwards
Normal : Daniel Sedin, Alexei Morozov, Milan Michalek - PP : Alexei Morozov, Daniel Sedin - PK : Jan Hlavac
Extra Defensemen
Normal : Brendan Bell, Bryan Berard, Mark Streit - PP : Pavel Kubina - PK : Matthew Spiller, Brendan Bell
Penalty Shots
Alexei Morozov, Daniel Sedin, John Tavares, Milan Michalek, Shane Doan
% Time on Ice - Red Wings
Lines # - Real PCT - Wanted PCT - Time Play
Normal Forward
1 - 31% - 40% - 15:16
2 - 31% - 30% - 14:59
3 - 26% - 20% - 12:48
4 - 11% - 10% - 5:33
Normal Defense
1 - 36% - 40% - 17:35
2 - 32% - 30% - 15:28
3 - 26% - 20% - 12:39
4 - 6% - 10% - 2:54
PP Forward
1 - 57% - 60% - 3:41
2 - 43% - 40% - 2:47
PP Defense
1 - 55% - 60% - 3:35
2 - 45% - 40% - 2:53
PK Forward
1 - 74% - 60% - 3:39
2 - 26% - 40% - 1:17
PK Defense
1 - 70% - 60% - 3:27
2 - 30% - 40% - 1:29
PK3 Forward
1 - 80% - 60% - 1:25
2 - 20% - 40% - 0:21
PK3 Defense
1 - 53% - 60% - 0:56
2 - 47% - 40% - 0:50
44 Forward
1 - 79% - 60% - 2:34
2 - 21% - 40% - 0:40
44 Defense
1 - 60% - 60% - 1:56
2 - 40% - 40% - 1:18
Last Minute Offensive - 0:00
Last Minute Defensive - 0:00
Total
Forward - 65:00
Defense - 65:00
|
% Time on Ice - Stars
Lines # - Real PCT - Wanted PCT - Time Play
Normal Forward
1 - 31% - 40% - 14:55
2 - 27% - 25% - 13:07
3 - 27% - 25% - 12:53
4 - 16% - 10% - 7:41
Normal Defense
1 - 41% - 40% - 20:00
2 - 33% - 30% - 15:55
3 - 22% - 20% - 10:55
4 - 4% - 10% - 1:46
PP Forward
1 - 47% - 50% - 2:20
2 - 53% - 50% - 2:36
PP Defense
1 - 59% - 60% - 2:55
2 - 41% - 40% - 2:01
PK Forward
1 - 93% - 60% - 6:00
2 - 7% - 40% - 0:28
PK Defense
1 - 67% - 60% - 4:19
2 - 33% - 40% - 2:09
PK3 Forward
1 - 0% - 60%
2 - 0% - 40%
PK3 Defense
1 - 0% - 60%
2 - 0% - 40%
44 Forward
1 - 71% - 60% - 3:34
2 - 29% - 40% - 1:26
44 Defense
1 - 57% - 60% - 2:51
2 - 43% - 40% - 2:09
Last Minute Offensive - 0:00
Last Minute Defensive - 0:00
Total
Forward - 65:00
Defense - 65:00
|
Play by Play
1st period
0:01 of 1st period - Jason Spezza wins face-off versus Henrik Sedin in neutral zone.
0:08 of 1st period - Slapshot by Rick Nash.
0:08 of 1st period - Stopped by Pascal Leclaire with a rebound.
0:48 of 1st period - Snap shot by Shawn Horcoff.
0:48 of 1st period - Stopped by Pascal Leclaire with a rebound.
0:50 of 1st period - Slapshot by Paul Martin.
0:50 of 1st period - Shot Blocked by Shane Doan.
0:54 of 1st period - Slapshot by Lee Stempniak.
0:54 of 1st period - Stopped by Pascal Leclaire with a rebound.
0:56 of 1st period - Snap shot by Michal Grosek.
0:56 of 1st period - Stopped by Pascal Leclaire with a rebound.
1:11 of 1st period - Marty Reasoner is hit by Maxim Kondratiev and loses puck.
1:28 of 1st period - Bryan Berard is hit by Teemu Selanne and loses puck.
1:35 of 1st period - Slapshot by Mike Richards.
1:35 of 1st period - Shot Misses the Net.
2:02 of 1st period - Milan Michalek is hit by Shawn Horcoff and loses puck.
2:21 of 1st period - Snap shot by Jason Spezza.
2:21 of 1st period - Shot Blocked by Evgeny Artyukhin.
2:23 of 1st period - Wrist shot by Jason Spezza.
2:23 of 1st period - Stopped by Pascal Leclaire without a rebound.
2:24 of 1st period - Jason Spezza wins face-off versus Henrik Sedin in Stars zone.
2:33 of 1st period - Snap shot by Rick Nash.
2:33 of 1st period - Shot Misses the Net.
2:49 of 1st period - Wrist shot by Shawn Horcoff.
2:49 of 1st period - Stopped by Pascal Leclaire with a rebound.
2:55 of 1st period - Maxim Kondratiev is hit by Shane Doan and loses puck.
4:07 of 1st period - Snap shot by Shane Doan.
4:07 of 1st period - Deflect By Éric Belanger.
4:07 of 1st period - Shot Misses the Net.
4:07 of 1st period - Puck is out of play.
4:08 of 1st period - Brian Sutherby wins face-off versus Shane Doan in Red Wings zone.
4:22 of 1st period - Minor Penalty to Mike Brown for Hooking.
4:23 of 1st period - Jason Spezza wins face-off versus John Tavares in Red Wings zone.
4:35 of 1st period - Wrist shot by John Tavares.
4:35 of 1st period - Shot Blocked by Shea Weber.
4:37 of 1st period - Wrist shot by John Tavares.
4:37 of 1st period - Deflect By Daniel Sedin.
4:37 of 1st period - Shot Blocked by Jason Spezza.
4:37 of 1st period - Puck is out of play.
4:38 of 1st period - Jason Spezza wins face-off versus Henrik Sedin in Red Wings zone.
4:55 of 1st period - Henrik Sedin is hit by Paul Martin.
6:22 of 1st period - Penalty to Mike Brown is over, Mike Brown is back on ice.
6:34 of 1st period - Slapshot by Lee Stempniak.
6:34 of 1st period - Shot Misses the Net.
6:36 of 1st period - Wrist shot by Shawn Horcoff.
6:36 of 1st period - Shot Blocked by Pavel Kubina.
6:38 of 1st period - Wrist shot by Michal Grosek.
6:38 of 1st period - Shot Blocked by Daniel Cleary.
7:00 of 1st period - Slapshot by Shea Weber.
7:00 of 1st period - Stopped by Pascal Leclaire without a rebound.
7:01 of 1st period - Marty Reasoner wins face-off versus Brian Sutherby in Stars zone.
7:29 of 1st period - Wrist shot by Alexei Morozov.
7:29 of 1st period - Shot Blocked by Shea Weber.
7:46 of 1st period - Minor Penalty to Michal Grosek for Holding Stick.
7:47 of 1st period - Henrik Sedin wins face-off versus Jason Spezza in Red Wings zone.
7:48 of 1st period - Wrist shot by Shane Doan.
7:48 of 1st period - Shot Misses the Net.
7:53 of 1st period - Off-side.
7:54 of 1st period - Jason Spezza wins face-off versus Henrik Sedin in neutral zone.
9:01 of 1st period - Jason Spezza is hit by Milan Michalek and loses puck.
9:46 of 1st period - Penalty to Michal Grosek is over, Michal Grosek is back on ice.
10:34 of 1st period - Minor Penalty to Marty Reasoner for Goalie Interference.
10:35 of 1st period - John Tavares wins face-off versus Jason Spezza in Stars zone.
11:22 of 1st period - Rick Nash is hit by Éric Belanger and loses puck.
11:35 of 1st period - Mike Richards is hit by Brian Pothier.
12:34 of 1st period - Penalty to Marty Reasoner is over, Marty Reasoner is back on ice.
12:42 of 1st period - Slapshot by Mark Streit.
12:42 of 1st period - Shot Blocked by Richard Jackman.
12:44 of 1st period - Slapshot by Bryan Berard.
12:44 of 1st period - Deflect By Shane Doan.
12:44 of 1st period - Shot Misses the Net.
12:44 of 1st period - Puck is out of play.
12:45 of 1st period - Ryan Malone wins face-off versus Shawn Horcoff in Red Wings zone.
12:50 of 1st period - Wrist shot by Alexei Morozov.
12:50 of 1st period - Stopped by Jonathan Quick without a rebound.
12:51 of 1st period - Lee Stempniak wins face-off versus Daniel Sedin in Red Wings zone.
12:51 of 1st period - Lee Stempniak is hit by Henrik Sedin.
13:18 of 1st period - Snap shot by Shawn Horcoff.
13:18 of 1st period - Shot Blocked by John Tavares.
13:20 of 1st period - Slapshot by Maxim Kondratiev.
13:20 of 1st period - Shot Blocked by Brian Pothier.
13:22 of 1st period - Wrist shot by Maxim Kondratiev.
13:22 of 1st period - Deflect By John Tavares.
13:22 of 1st period - Stopped by Pascal Leclaire without a rebound.
13:23 of 1st period - John Tavares wins face-off versus Jason Spezza in Stars zone.
14:04 of 1st period - John Tavares is hit by Mike Richards and loses puck.
14:17 of 1st period - Minor Penalty to Brian Pothier for Tripping.
14:18 of 1st period - Marty Reasoner wins face-off versus Jason Spezza in Stars zone.
14:30 of 1st period - Wrist shot by Martin Havlat.
14:30 of 1st period - Shot Blocked by Marty Reasoner.
14:32 of 1st period - Slapshot by Rick Nash.
14:32 of 1st period - Stopped by Pascal Leclaire with a rebound.
14:34 of 1st period - Backhand shot by Richard Jackman.
14:34 of 1st period - Deflect By Brendan Bell.
14:34 of 1st period - Stopped by Pascal Leclaire without a rebound.
14:35 of 1st period - Jason Spezza wins face-off versus Marty Reasoner in Stars zone.
14:44 of 1st period - Snap shot by Jason Spezza.
14:44 of 1st period - Stopped by Pascal Leclaire with a rebound.
14:46 of 1st period - Slapshot by Paul Martin.
14:46 of 1st period - Shot Blocked by Brendan Bell.
14:48 of 1st period - Slapshot by Martin Havlat.
14:48 of 1st period - Deflect By Brendan Bell.
14:48 of 1st period - Goal by Martin Havlat - Red Wings : 1 - Stars : 0.
14:49 of 1st period - Henrik Sedin wins face-off versus Jason Spezza in neutral zone.
14:58 of 1st period - Snap shot by Alexei Morozov.
14:58 of 1st period - Stopped by Jonathan Quick with a rebound.
15:00 of 1st period - Wrist shot by Mark Streit.
15:00 of 1st period - Shot Blocked by Richard Jackman.
15:02 of 1st period - Slapshot by Daniel Sedin.
15:02 of 1st period - Stopped by Jonathan Quick with a rebound.
15:04 of 1st period - Slapshot by Henrik Sedin.
15:04 of 1st period - Shot Misses the Net.
15:21 of 1st period - Slapshot by Shane Doan.
15:21 of 1st period - Stopped by Jonathan Quick with a rebound.
15:39 of 1st period - Snap shot by Shawn Horcoff.
15:39 of 1st period - Stopped by Pascal Leclaire without a rebound.
15:40 of 1st period - Henrik Sedin wins face-off versus Jason Spezza in Stars zone.
16:28 of 1st period - Mike Richards is hit by Brian Pothier and loses puck.
16:33 of 1st period - Snap shot by Marty Reasoner.
16:33 of 1st period - Stopped by Jonathan Quick without a rebound.
16:34 of 1st period - Jason Spezza wins face-off versus Marty Reasoner in Red Wings zone.
16:46 of 1st period - Richard Jackman is hit by Jan Hlavac.
16:47 of 1st period - Icing by Richard Jackman.
16:48 of 1st period - Henrik Sedin wins face-off versus Jason Spezza in Red Wings zone.
16:49 of 1st period - Snap shot by Alexei Morozov.
16:49 of 1st period - Deflect By Daniel Sedin.
16:49 of 1st period - Deflect By Martin Havlat.
16:49 of 1st period - Stopped by Jonathan Quick with a rebound.
16:51 of 1st period - Slapshot by Mark Streit.
16:51 of 1st period - Shot Blocked by Richard Jackman.
17:01 of 1st period - Snap shot by Henrik Sedin.
17:01 of 1st period - Stopped by Jonathan Quick without a rebound.
17:02 of 1st period - Jason Spezza wins face-off versus Henrik Sedin in Red Wings zone.
17:47 of 1st period - Mark Streit is hit by Richard Jackman and loses puck.
17:56 of 1st period - Snap shot by Lee Stempniak.
17:56 of 1st period - Shot Misses the Net.
18:00 of 1st period - Snap shot by Lee Stempniak.
18:00 of 1st period - Deflect By John Tavares.
18:00 of 1st period - Shot Misses the Net.
18:00 of 1st period - Puck is out of play.
18:01 of 1st period - Alexei Morozov wins face-off versus Jason Spezza in Stars zone.
19:14 of 1st period - Wrist shot by Jason Spezza.
19:14 of 1st period - Stopped by Pascal Leclaire without a rebound.
19:15 of 1st period - Daniel Sedin wins face-off versus Mike Richards in Stars zone.
19:20 of 1st period - Slapshot by Mark Streit.
19:20 of 1st period - Stopped by Jonathan Quick with a rebound.
19:44 of 1st period - Icing by Mark Streit.
19:45 of 1st period - Jason Spezza wins face-off versus Éric Belanger in Stars zone.
19:47 of 1st period - Minor Penalty to Jason Spezza for High sticking.
19:48 of 1st period - Henrik Sedin wins face-off versus Brian Sutherby in Red Wings zone.
19:48 of 1st period - Wrist shot by Milan Michalek.
19:48 of 1st period - Shot Blocked by Paul Martin.
19:50 of 1st period - Snap shot by Henrik Sedin.
19:50 of 1st period - Stopped by Jonathan Quick with a rebound.
19:52 of 1st period - Snap shot by Shane Doan.
19:52 of 1st period - Shot Misses the Net.
19:54 of 1st period - Slapshot by Pavel Kubina.
19:54 of 1st period - Shot Misses the Net.
19:56 of 1st period - Slapshot by Henrik Sedin.
19:56 of 1st period - Stopped by Jonathan Quick with a rebound.
Goals for this period are 1 for Red Wings vs 0 for Stars.
Shots for this period are 14 for Red Wings vs 10 for Stars.
2nd period
0:01 of 2nd period - Brian Sutherby wins face-off versus John Tavares in neutral zone.
0:04 of 2nd period - Pavel Kubina is hit by Rick Nash and loses puck.
0:32 of 2nd period - Wrist shot by Shane Doan.
0:32 of 2nd period - Deflect By Milan Michalek.
0:32 of 2nd period - Goal by Milan Michalek - Red Wings : 1 - Stars : 1.
0:33 of 2nd period - Henrik Sedin wins face-off versus Martin Havlat in neutral zone.
0:36 of 2nd period - Richard Jackman is hit by Alexei Morozov and loses puck.
1:26 of 2nd period - Wrist shot by Shawn Horcoff.
1:26 of 2nd period - Stopped by Pascal Leclaire with a rebound.
1:28 of 2nd period - Snap shot by Shea Weber.
1:28 of 2nd period - Shot Misses the Net.
1:30 of 2nd period - Wrist shot by Lee Stempniak.
1:30 of 2nd period - Shot Misses the Net.
1:46 of 2nd period - Wrist shot by Rick Nash.
1:46 of 2nd period - Stopped by Pascal Leclaire without a rebound.
1:47 of 2nd period - Rick Nash wins face-off versus Henrik Sedin in Stars zone.
2:00 of 2nd period - Slapshot by Rick Nash.
2:00 of 2nd period - Shot Blocked by Brian Pothier.
2:10 of 2nd period - Snap shot by Martin Havlat.
2:10 of 2nd period - Shot Misses the Net.
2:12 of 2nd period - Slapshot by Rick Nash.
2:12 of 2nd period - Stopped by Pascal Leclaire without a rebound.
2:13 of 2nd period - Éric Belanger wins face-off versus Mike Richards in Stars zone.
2:13 of 2nd period - Éric Belanger is hit by Shea Weber.
2:22 of 2nd period - Off-side.
2:23 of 2nd period - Robert Dome wins face-off versus Éric Belanger in neutral zone.
3:40 of 2nd period - Snap shot by Robert Dome.
3:40 of 2nd period - Shot Misses the Net.
3:42 of 2nd period - Wrist shot by Teemu Selanne.
3:42 of 2nd period - Shot Misses the Net.
3:44 of 2nd period - Slapshot by Teemu Selanne.
3:44 of 2nd period - Goal by Teemu Selanne - Red Wings : 2 - Stars : 1.
3:45 of 2nd period - Henrik Sedin wins face-off versus Jason Spezza in neutral zone.
5:09 of 2nd period - Lee Stempniak is hit by Alexei Morozov and loses puck.
5:50 of 2nd period - Snap shot by Marty Reasoner.
5:50 of 2nd period - Stopped by Jonathan Quick without a rebound.
5:51 of 2nd period - Mike Richards wins face-off versus Marty Reasoner in Red Wings zone.
6:03 of 2nd period - Minor Penalty to Jan Hlavac for Hooking.
6:04 of 2nd period - Rick Nash wins face-off versus Marty Reasoner in Stars zone.
8:03 of 2nd period - Penalty to Jan Hlavac is over, Jan Hlavac is back on ice.
8:10 of 2nd period - Slapshot by Pavel Kubina.
8:10 of 2nd period - Stopped by Jonathan Quick without a rebound.
8:11 of 2nd period - Éric Belanger wins face-off versus Shawn Horcoff in Red Wings zone.
8:53 of 2nd period - Christian Laflamme is hit by Daniel Sedin and loses puck.
9:19 of 2nd period - Icing by Daniel Cleary.
9:20 of 2nd period - Éric Belanger wins face-off versus Shawn Horcoff in Stars zone.
9:29 of 2nd period - Wrist shot by Shane Doan.
9:29 of 2nd period - Shot Misses the Net.
9:53 of 2nd period - Snap shot by Pavel Kubina.
9:53 of 2nd period - Shot Blocked by Shea Weber.
11:00 of 2nd period - Snap shot by Jan Hlavac.
11:00 of 2nd period - Stopped by Jonathan Quick with a rebound.
11:22 of 2nd period - Icing by Henrik Sedin.
11:23 of 2nd period - Henrik Sedin wins face-off versus Shawn Horcoff in Stars zone.
11:38 of 2nd period - Henrik Sedin is hit by Lee Stempniak and loses puck.
11:53 of 2nd period - Wrist shot by John Tavares.
11:53 of 2nd period - Deflect By Martin Havlat.
11:53 of 2nd period - Stopped by Jonathan Quick without a rebound.
11:54 of 2nd period - John Tavares wins face-off versus Jason Spezza in Red Wings zone.
11:57 of 2nd period - Wrist shot by Milan Michalek.
11:57 of 2nd period - Shot Misses the Net.
12:03 of 2nd period - Wrist shot by Milan Michalek.
12:03 of 2nd period - Stopped by Jonathan Quick without a rebound.
12:04 of 2nd period - Henrik Sedin wins face-off versus Jason Spezza in Red Wings zone.
12:07 of 2nd period - Wrist shot by Henrik Sedin.
12:07 of 2nd period - Shot Misses the Net.
12:11 of 2nd period - Slapshot by Henrik Sedin.
12:11 of 2nd period - Shot Misses the Net.
12:13 of 2nd period - Slapshot by Pavel Kubina.
12:13 of 2nd period - Deflect By Henrik Sedin.
12:13 of 2nd period - Stopped by Jonathan Quick with a rebound.
12:15 of 2nd period - Slapshot by Brian Pothier.
12:15 of 2nd period - Deflect By Daniel Sedin.
12:15 of 2nd period - Shot Blocked by Richard Jackman.
12:15 of 2nd period - Puck is out of play.
12:16 of 2nd period - Henrik Sedin wins face-off versus Jason Spezza in Red Wings zone.
12:28 of 2nd period - Off-side.
12:29 of 2nd period - Jason Spezza wins face-off versus Henrik Sedin in neutral zone.
12:32 of 2nd period - Snap shot by Shea Weber.
12:32 of 2nd period - Stopped by Pascal Leclaire without a rebound.
12:33 of 2nd period - Jason Spezza wins face-off versus Henrik Sedin in Stars zone.
13:03 of 2nd period - Slapshot by John Tavares.
13:03 of 2nd period - Shot Blocked by Shea Weber.
13:05 of 2nd period - Backhand shot by Pavel Kubina.
13:05 of 2nd period - Stopped by Jonathan Quick with a rebound.
13:07 of 2nd period - Slapshot by Milan Michalek.
13:07 of 2nd period - Shot Blocked by Shea Weber.
13:09 of 2nd period - Slapshot by Evgeny Artyukhin.
13:09 of 2nd period - Stopped by Jonathan Quick with a rebound.
13:19 of 2nd period - Wrist shot by Shawn Horcoff.
13:19 of 2nd period - Shot Misses the Net.
13:21 of 2nd period - Slapshot by Shea Weber.
13:21 of 2nd period - Deflect By Lee Stempniak.
13:21 of 2nd period - Shot Misses the Net.
13:21 of 2nd period - Puck is out of play.
13:22 of 2nd period - Shawn Horcoff wins face-off versus Éric Belanger in Stars zone.
13:33 of 2nd period - Snap shot by Lee Stempniak.
13:33 of 2nd period - Stopped by Pascal Leclaire without a rebound.
13:34 of 2nd period - Jason Spezza wins face-off versus Henrik Sedin in Stars zone.
13:39 of 2nd period - Snap shot by Martin Havlat.
13:39 of 2nd period - Stopped by Pascal Leclaire without a rebound.
13:40 of 2nd period - Henrik Sedin wins face-off versus Martin Havlat in Stars zone.
14:14 of 2nd period - Pavel Kubina is hit by Teemu Selanne and loses puck.
14:25 of 2nd period - Wrist shot by Shane Doan.
14:25 of 2nd period - Stopped by Jonathan Quick without a rebound.
14:26 of 2nd period - Shawn Horcoff wins face-off versus Éric Belanger in Red Wings zone.
14:49 of 2nd period - Wrist shot by Rick Nash.
14:49 of 2nd period - Shot Blocked by Matthew Spiller.
14:51 of 2nd period - Snap shot by Rick Nash.
14:51 of 2nd period - Shot Misses the Net.
14:53 of 2nd period - Slapshot by Maxim Kondratiev.
14:53 of 2nd period - Shot Misses the Net.
15:33 of 2nd period - Wrist shot by Jason Spezza.
15:33 of 2nd period - Stopped by Pascal Leclaire without a rebound.
15:34 of 2nd period - Henrik Sedin wins face-off versus Brian Sutherby in Stars zone.
15:59 of 2nd period - Brian Sutherby is hit by Brendan Bell and loses puck.
16:08 of 2nd period - Slapshot by Milan Michalek.
16:08 of 2nd period - Shot Misses the Net.
16:26 of 2nd period - Snap shot by Jason Spezza.
16:26 of 2nd period - Stopped by Pascal Leclaire with a rebound.
16:40 of 2nd period - Alexei Morozov is hit by Mike Richards.
16:44 of 2nd period - Robert Dome is hit by Matthew Spiller and loses puck.
18:38 of 2nd period - Slapshot by John Tavares.
18:38 of 2nd period - Stopped by Jonathan Quick without a rebound.
18:39 of 2nd period - Shawn Horcoff wins face-off versus Evgeny Artyukhin in Red Wings zone.
18:44 of 2nd period - John Tavares is hit by Lee Stempniak and loses puck.
19:35 of 2nd period - Slapshot by Robert Dome.
19:35 of 2nd period - Shot Misses the Net.
19:47 of 2nd period - Wrist shot by Lee Stempniak.
19:47 of 2nd period - Shot Misses the Net.
Goals for this period are 1 for Red Wings vs 1 for Stars.
Shots for this period are 9 for Red Wings vs 11 for Stars.
3rd period
0:01 of 3rd period - Henrik Sedin wins face-off versus Jason Spezza in neutral zone.
0:04 of 3rd period - Snap shot by Henrik Sedin.
0:04 of 3rd period - Stopped by Jonathan Quick without a rebound.
0:05 of 3rd period - Rick Nash wins face-off versus Henrik Sedin in Red Wings zone.
0:05 of 3rd period - Rick Nash is hit by Pavel Kubina.
0:11 of 3rd period - Wrist shot by Henrik Sedin.
0:11 of 3rd period - Stopped by Jonathan Quick without a rebound.
0:12 of 3rd period - Jason Spezza wins face-off versus Henrik Sedin in Red Wings zone.
0:12 of 3rd period - Jason Spezza is hit by Matthew Spiller.
0:38 of 3rd period - Teemu Selanne is hit by Milan Michalek and loses puck.
1:30 of 3rd period - Brendan Bell is hit by Martin Havlat and loses puck.
2:05 of 3rd period - Snap shot by Milan Michalek.
2:05 of 3rd period - Shot Blocked by Shea Weber.
2:07 of 3rd period - Snap shot by John Tavares.
2:07 of 3rd period - Shot Blocked by Shea Weber.
2:27 of 3rd period - Slapshot by Shea Weber.
2:27 of 3rd period - Stopped by Pascal Leclaire with a rebound.
2:43 of 3rd period - Snap shot by Marty Reasoner.
2:43 of 3rd period - Deflect By Jan Hlavac.
2:43 of 3rd period - Stopped by Jonathan Quick without a rebound.
2:44 of 3rd period - Mike Richards wins face-off versus Marty Reasoner in Red Wings zone.
3:10 of 3rd period - Slapshot by Christian Laflamme.
3:10 of 3rd period - Shot Blocked by Henrik Sedin.
3:30 of 3rd period - Snap shot by Rick Nash.
3:30 of 3rd period - Stopped by Pascal Leclaire without a rebound.
3:31 of 3rd period - Rick Nash wins face-off versus John Tavares in Stars zone.
3:44 of 3rd period - Slapshot by Rick Nash.
3:44 of 3rd period - Shot Misses the Net.
3:46 of 3rd period - Slapshot by Paul Martin.
3:46 of 3rd period - Shot Misses the Net.
4:19 of 3rd period - Shane Doan is hit by Lee Stempniak and loses puck.
4:45 of 3rd period - Wrist shot by Bryan Berard.
4:45 of 3rd period - Shot Misses the Net.
5:11 of 3rd period - Daniel Sedin is hit by Christian Backman and loses puck.
5:22 of 3rd period - Christian Laflamme is hit by Pavel Kubina and loses puck.
5:31 of 3rd period - Slapshot by Rick Nash.
5:31 of 3rd period - Stopped by Pascal Leclaire with a rebound.
5:50 of 3rd period - Snap shot by Jason Spezza.
5:50 of 3rd period - Shot Misses the Net.
5:52 of 3rd period - Snap shot by Rick Nash.
5:52 of 3rd period - Shot Blocked by Brian Pothier.
5:54 of 3rd period - Slapshot by Maxim Kondratiev.
5:54 of 3rd period - Shot Blocked by Pavel Kubina.
6:02 of 3rd period - Snap shot by Rick Nash.
6:02 of 3rd period - Shot Misses the Net.
6:06 of 3rd period - Snap shot by Rick Nash.
6:06 of 3rd period - Shot Misses the Net.
6:08 of 3rd period - Slapshot by Martin Havlat.
6:08 of 3rd period - Stopped by Pascal Leclaire without a rebound.
6:09 of 3rd period - Mike Richards wins face-off versus Henrik Sedin in Stars zone.
6:41 of 3rd period - Wrist shot by Ryan Malone.
6:41 of 3rd period - Deflect By Shane Doan.
6:41 of 3rd period - Shot Blocked by Christian Laflamme.
6:41 of 3rd period - Puck is out of play.
6:42 of 3rd period - Henrik Sedin wins face-off versus Shawn Horcoff in Red Wings zone.
6:43 of 3rd period - Wrist shot by Alexei Morozov.
6:43 of 3rd period - Shot Misses the Net.
6:45 of 3rd period - Snap shot by Daniel Sedin.
6:45 of 3rd period - Shot Blocked by Shea Weber.
6:47 of 3rd period - Slapshot by Brendan Bell.
6:47 of 3rd period - Stopped by Jonathan Quick with a rebound.
6:49 of 3rd period - Slapshot by Alexei Morozov.
6:49 of 3rd period - Stopped by Jonathan Quick without a rebound.
6:50 of 3rd period - Shawn Horcoff wins face-off versus Alexei Morozov in Red Wings zone.
6:52 of 3rd period - Icing by Shea Weber.
6:53 of 3rd period - Henrik Sedin wins face-off versus Shawn Horcoff in Red Wings zone.
7:14 of 3rd period - John Tavares is hit by Paul Martin and loses puck.
7:19 of 3rd period - Slapshot by Lee Stempniak.
7:19 of 3rd period - Stopped by Pascal Leclaire with a rebound.
7:21 of 3rd period - Snap shot by Michal Grosek.
7:21 of 3rd period - Shot Misses the Net.
7:23 of 3rd period - Snap shot by Shawn Horcoff.
7:23 of 3rd period - Stopped by Pascal Leclaire without a rebound.
7:24 of 3rd period - Jason Spezza wins face-off versus Henrik Sedin in Stars zone.
7:27 of 3rd period - Snap shot by Rick Nash.
7:27 of 3rd period - Shot Blocked by Mark Streit.
7:39 of 3rd period - Wrist shot by Henrik Sedin.
7:39 of 3rd period - Stopped by Jonathan Quick with a rebound.
8:02 of 3rd period - Pavel Kubina is hit by Mike Richards and loses puck.
8:43 of 3rd period - Slapshot by Shea Weber.
8:43 of 3rd period - Shot Misses the Net.
9:14 of 3rd period - Minor Penalty to Marty Reasoner for Boarding.
9:15 of 3rd period - John Tavares wins face-off versus Jason Spezza in Stars zone.
9:29 of 3rd period - Backhand shot by Shea Weber.
9:29 of 3rd period - Stopped by Pascal Leclaire without a rebound.
9:30 of 3rd period - John Tavares wins face-off versus Rick Nash in Stars zone.
10:01 of 3rd period - Teemu Selanne is hit by John Tavares.
11:14 of 3rd period - Penalty to Marty Reasoner is over, Marty Reasoner is back on ice.
12:32 of 3rd period - Snap shot by Henrik Sedin.
12:32 of 3rd period - Stopped by Jonathan Quick with a rebound.
14:23 of 3rd period - Shane Doan is hit by Brian Sutherby and loses puck.
15:09 of 3rd period - Snap shot by Milan Michalek.
15:09 of 3rd period - Stopped by Jonathan Quick without a rebound.
15:10 of 3rd period - John Tavares wins face-off versus Mike Richards in Red Wings zone.
15:17 of 3rd period - Wrist shot by Milan Michalek.
15:17 of 3rd period - Goal by Milan Michalek - Red Wings : 2 - Stars : 2.
15:18 of 3rd period - Jason Spezza wins face-off versus Éric Belanger in neutral zone.
15:29 of 3rd period - Wrist shot by Ryan Malone.
15:29 of 3rd period - Stopped by Jonathan Quick without a rebound.
15:30 of 3rd period - Jason Spezza wins face-off versus Éric Belanger in Red Wings zone.
15:35 of 3rd period - Rick Nash is hit by Ryan Malone and loses puck.
15:56 of 3rd period - Henrik Sedin is hit by Robert Dome and loses puck.
16:17 of 3rd period - Shawn Horcoff is hit by John Tavares and loses puck.
16:28 of 3rd period - Snap shot by Evgeny Artyukhin.
16:28 of 3rd period - Shot Misses the Net.
16:59 of 3rd period - Teemu Selanne is hit by Henrik Sedin.
17:42 of 3rd period - Brendan Bell is hit by Robert Dome and loses puck.
18:01 of 3rd period - Snap shot by Alexei Morozov.
18:01 of 3rd period - Stopped by Jonathan Quick with a rebound.
18:31 of 3rd period - Off-side.
18:32 of 3rd period - John Tavares wins face-off versus Shawn Horcoff in neutral zone.
19:37 of 3rd period - Slapshot by Shawn Horcoff.
19:37 of 3rd period - Shot Misses the Net.
19:46 of 3rd period - Minor Penalty to Christian Laflamme for Tripping.
19:47 of 3rd period - Jason Spezza wins face-off versus Shane Doan in Red Wings zone.
19:55 of 3rd period - Rick Nash is hit by Shane Doan and loses puck.
Goals for this period are 0 for Red Wings vs 1 for Stars.
Shots for this period are 7 for Red Wings vs 11 for Stars.
Overtime #1
0:01 of 1st overtime period - Alexei Morozov wins face-off versus Jason Spezza in neutral zone.
0:03 of 1st overtime period - Off-side.
0:04 of 1st overtime period - Alexei Morozov wins face-off versus Jason Spezza in neutral zone.
0:48 of 1st overtime period - Wrist shot by Rick Nash.
0:48 of 1st overtime period - Shot Misses the Net.
0:50 of 1st overtime period - Slapshot by Richard Jackman.
0:50 of 1st overtime period - Shot Misses the Net.
0:52 of 1st overtime period - Wrist shot by Rick Nash.
0:52 of 1st overtime period - Stopped by Pascal Leclaire with a rebound.
1:16 of 1st overtime period - Mark Streit is hit by Paul Martin and loses puck.
1:23 of 1st overtime period - Wrist shot by Brian Sutherby.
1:23 of 1st overtime period - Stopped by Pascal Leclaire with a rebound.
1:46 of 1st overtime period - Penalty to Christian Laflamme is over, Christian Laflamme is back on ice.
1:46 of 1st overtime period - Slapshot by Shane Doan.
1:46 of 1st overtime period - Shot Misses the Net.
1:48 of 1st overtime period - Slapshot by Pavel Kubina.
1:48 of 1st overtime period - Deflect By Richard Jackman.
1:48 of 1st overtime period - Stopped by Jonathan Quick without a rebound.
1:49 of 1st overtime period - Jason Spezza wins face-off versus Henrik Sedin in Red Wings zone.
2:12 of 1st overtime period - Rick Nash is hit by Matthew Spiller and loses puck.
2:59 of 1st overtime period - Icing by Rick Nash.
3:00 of 1st overtime period - Shawn Horcoff wins face-off versus Milan Michalek in Red Wings zone.
3:13 of 1st overtime period - Snap shot by Milan Michalek.
3:13 of 1st overtime period - Shot Misses the Net.
3:15 of 1st overtime period - Backhand shot by Matthew Spiller.
3:15 of 1st overtime period - Stopped by Jonathan Quick without a rebound.
3:16 of 1st overtime period - Alexei Morozov wins face-off versus Jason Spezza in Red Wings zone.
3:19 of 1st overtime period - Slapshot by Alexei Morozov.
3:19 of 1st overtime period - Stopped by Jonathan Quick without a rebound.
3:20 of 1st overtime period - Alexei Morozov wins face-off versus Jason Spezza in Red Wings zone.
3:31 of 1st overtime period - Slapshot by Jason Spezza.
3:31 of 1st overtime period - Shot Misses the Net.
4:02 of 1st overtime period - Snap shot by Henrik Sedin.
4:02 of 1st overtime period - Stopped by Jonathan Quick without a rebound.
4:03 of 1st overtime period - Jason Spezza wins face-off versus Henrik Sedin in Red Wings zone.
Goals for this period are 0 for Red Wings vs 0 for Stars.
Shots for this period are 2 for Red Wings vs 4 for Stars.
ShootOut
5:00 of 1st overtime period - Penalty Shot by Jason Spezza for Red Wings.
5:00 of 1st overtime period - Deke by Jason Spezza.
5:00 of 1st overtime period - Goal by Jason Spezza.
5:00 of 1st overtime period - Penalty Shot by Alexei Morozov for Stars.
5:00 of 1st overtime period - Wrist shot by Alexei Morozov.
5:00 of 1st overtime period - Shot Misses the Net.
5:00 of 1st overtime period - Penalty Shot by Rick Nash for Red Wings.
5:00 of 1st overtime period - Snap shot by Rick Nash.
5:00 of 1st overtime period - Stopped by Pascal Leclaire.
5:00 of 1st overtime period - Penalty Shot by Daniel Sedin for Stars.
5:00 of 1st overtime period - Wrist shot by Daniel Sedin.
5:00 of 1st overtime period - Stopped by Jonathan Quick.
5:00 of 1st overtime period - Penalty Shot by Mike Richards for Red Wings.
5:00 of 1st overtime period - Wrist shot by Mike Richards.
5:00 of 1st overtime period - Stopped by Pascal Leclaire.
5:00 of 1st overtime period - Penalty Shot by John Tavares for Stars.
5:00 of 1st overtime period - Backhand shot by John Tavares.
5:00 of 1st overtime period - Goal by John Tavares.
5:00 of 1st overtime period - Penalty Shot by Martin Havlat for Red Wings.
5:00 of 1st overtime period - Deke by Martin Havlat.
5:00 of 1st overtime period - Stopped by Pascal Leclaire.
5:00 of 1st overtime period - Penalty Shot by Milan Michalek for Stars.
5:00 of 1st overtime period - Snap shot by Milan Michalek.
5:00 of 1st overtime period - Stopped by Jonathan Quick.
5:00 of 1st overtime period - Penalty Shot by Shawn Horcoff for Red Wings.
5:00 of 1st overtime period - Wrist shot by Shawn Horcoff.
5:00 of 1st overtime period - Shot Misses the Net.
5:00 of 1st overtime period - Penalty Shot by Shane Doan for Stars.
5:00 of 1st overtime period - Snap shot by Shane Doan.
5:00 of 1st overtime period - Shot Misses the Net.
5:00 of 1st overtime period - Penalty Shot by Teemu Selanne for Red Wings.
5:00 of 1st overtime period - Wrist shot by Teemu Selanne.
5:00 of 1st overtime period - Stopped by Pascal Leclaire.
5:00 of 1st overtime period - Penalty Shot by Jan Hlavac for Stars.
5:00 of 1st overtime period - Snap shot by Jan Hlavac.
5:00 of 1st overtime period - Stopped by Jonathan Quick.
5:00 of 1st overtime period - Penalty Shot by Lee Stempniak for Red Wings.
5:00 of 1st overtime period - Deke by Lee Stempniak.
5:00 of 1st overtime period - Goal by Lee Stempniak.
5:00 of 1st overtime period - Penalty Shot by Henrik Sedin for Stars.
5:00 of 1st overtime period - Snap shot by Henrik Sedin.
5:00 of 1st overtime period - Goal by Henrik Sedin.
5:00 of 1st overtime period - Penalty Shot by Brian Sutherby for Red Wings.
5:00 of 1st overtime period - Snap shot by Brian Sutherby.
5:00 of 1st overtime period - Goal by Brian Sutherby.
5:00 of 1st overtime period - Penalty Shot by Éric Belanger for Stars.
5:00 of 1st overtime period - Snap shot by Éric Belanger.
5:00 of 1st overtime period - Goal by Éric Belanger.
5:00 of 1st overtime period - Penalty Shot by Shea Weber for Red Wings.
5:00 of 1st overtime period - Snap shot by Shea Weber.
5:00 of 1st overtime period - Shot Misses the Net.
5:00 of 1st overtime period - Penalty Shot by Ryan Malone for Stars.
5:00 of 1st overtime period - Deke by Ryan Malone.
5:00 of 1st overtime period - Stopped by Jonathan Quick.
5:00 of 1st overtime period - Penalty Shot by Michal Grosek for Red Wings.
5:00 of 1st overtime period - Wrist shot by Michal Grosek.
5:00 of 1st overtime period - Stopped by Pascal Leclaire.
5:00 of 1st overtime period - Penalty Shot by Mark Streit for Stars.
5:00 of 1st overtime period - Wrist shot by Mark Streit.
5:00 of 1st overtime period - Goal by Mark Streit.
Output by the SimonT Hockey Simulator (STHS) for François Prévost -- Original Page W3C XHTML 1.0 Valid